 Dungeon Crawl Stone Soup version 0.19.1 (webtiles) character file.

5462 Nydiazath the Covert (level 10, -1/46 HPs)
             Began as a Spriggan Enchanter on Dec 14, 2016.
             Was an Elder of Okawaru.
             Killed by divine providence
             ... invoked by an orc priest
              (13 damage)
             ... on level 9 of the Dungeon.
             The game lasted 00:36:09 (12717 turns).

Nydiazath the Covert (Spriggan Enchanter)          Turns: 12717, Time: 00:36:10

Health: -1/46      AC:  5    Str:  4    XL:     10   Next: 41%
Magic:  19/24      EV: 26    Int: 20    God:    Okawaru [****..]
Gold:   248        SH:  0    Dex: 17    Spells: 3 memorised, 8 levels left

rFire  + . .     SeeInvis +     r - +1 dagger (speed)
rCold  + . .     Gourm    .     w - +1 robe {rC+}
rNeg   . . .     Faith    .     (shield restricted)
rPois  .         Spirit   .     E - +1 hat
rElec  .         Reflect  .     F - +0 cloak
rCorr  .         Harm     .     (gloves unavailable)
MR     +....                    (boots unavailable)
Stlth  ++++++....               h - amulet of rage
                                B - ring of magical power
                                z - ring of protection from fire

@: very slightly contaminated, very quick
A: unfitting armour, see invisible, herbivore 3, speed 3, slow metabolism 2
a: Heroism, Renounce Religion, Evoke Berserk Rage


You were on level 9 of the Dungeon.
You worshipped Okawaru.
Okawaru was greatly pleased with you.
You were very full.

You visited 2 branches of the dungeon, and saw 11 of its levels.

You collected 472 gold pieces.
You spent 224 gold pieces at shops.

Inventory:

Hand Weapons
 r - a +1 dagger of speed (weapon)
Armour
 w - a +1 robe of cold resistance (worn)
 E - a +1 hat (worn)
 F - a +0 cloak (worn)
Jewellery
 h - an amulet of rage (around neck)
 z - a ring of protection from fire (left hand)
 B - a ring of magical power (right hand)
Wands
 a - a wand of random effects (25/48)
 v - a wand of confusion (42/48)
 C - a wand of paralysis (15/24)
Scrolls
 b - a scroll of vulnerability {unknown}
 e - 10 scrolls of identify
 f - a scroll of recharging
 k - a scroll of blinking
 m - 3 scrolls of fear
 o - 2 scrolls of remove curse
 p - 3 scrolls of teleportation {unknown}
 q - a scroll of enchant armour {unknown}
 t - 2 scrolls of enchant weapon {unknown}
 y - a scroll of fog {unknown}
 G - a scroll of summoning {unknown}
 H - a scroll of immolation {unknown}
Potions
 g - 7 potions of curing
 j - 3 potions of haste {unknown}
 l - 3 potions of berserk rage
 n - 2 potions of flight {unknown}
 s - a potion of heal wounds {unknown}
 u - 2 potions of lignification {unknown}
 x - 2 potions of cancellation {unknown}
 D - a potion of invisibility {unknown}
Books
 c - a book of Maledictions

   Spells                             Type                      Level
   a - Corona                         Hexes                        1
   b - Ensorcelled Hibernation        Hexes/Ice                    2
   c - Confuse                        Hexes                        3
   d - Tukima's Dance                 Hexes                        3
   e - Dazzling Spray                 Conjuration/Hexes            3
 A - a book of Minor Magic

   Spells                             Type                      Level
   a - Magic Dart                     Conjuration                  1
   b - Blink                          Translocation                2
   c - Call Imp                       Summoning                    2
   d - Repel Missiles                 Charms/Air                   2
   e - Slow                           Hexes                        2
   f - Conjure Flame                  Conjuration/Fire             3
   g - Mephitic Cloud                 Conjuration/Poison/Air       3
Comestibles
 d - 6 bread rations
 i - 4 slices of pizza


   Skills:
 + Level 2.3 Fighting
 + Level 9.8 Short Blades
 - Level 10.0 Dodging
 + Level 14.1 Stealth
 - Level 2.6 Spellcasting
 + Level 6.9 Hexes


You had 8 spell levels left.
You knew the following spells:

 Your Spells              Type           Power        Failure   Level  Hunger
a - Corona                Hex            ####...      1%          1    None
b - Ensorcelled Hibernat  Hex/Ice        ###...       6%          2    ##.....
c - Confuse               Hex            ####....     2%          3    ###....


Dungeon Overview and Level Annotations

Branches:
Dungeon (10/15)            Temple (1/1) D:4             Orc (0/2) D:9
   Lair: D:8-11

Altars:
Ashenzari
Cheibriados
Dithmenos
Elyvilon
Fedhas
Gozag
Hepliaklqana
Kikubaaqudgha
Makhleb
Nemelex Xobeh
Okawaru
Qazlal
Ru
Sif Muna
Trog
Uskayaw
Vehumet
Xom
Yredelemnul
Zin
The Shining One

Shops:
D:6 %   D:10 (

Annotations:
D:6 Mefis's ghost, novice DEWz


Innate Abilities, Weirdness & Mutations

You are very small and have problems with some larger weapons.
You are too small for most types of armour.
You have supernaturally acute eyesight. (SInv)
You are a herbivore.
You cover ground extremely quickly.
You need consume almost no food.


Message History

The orc priest resists with some effort.
The orc priest mumbles some strange prayers to Beogh against you.
Beogh smites you!
* * * LOW HITPOINT WARNING * * *
Casting: Ensorcelled Hibernation
Confirm with . or Enter, or press ? or * to list all spells.
Aiming: Ensorcelled Hibernation
Press: ? - help, Shift-Dir - straight line, f/p - orc priest
Aim: an orc priest, wielding a hand axe and wearing a leather armour (chance to defeat MR: 47%)
The orc priest resists with some effort.
The orc priest closely misses you.
Okay, then.
Blink to where?
Press: ? - help, Dir - move target cursor, p - orc priest You are very lightly contaminated with residual magic.
As you read the scroll labeled FIDWOOPNER, it crumbles to dust.
It was a scroll of blinking.
The orc priest calls down the wrath of Beogh upon you.
Beogh smites you!
You die...

........########################.
######### ##. # ###.. # ### #####
##...# #######.######## #...#
#..### .#...##.#.##...#
#...###.## # .####..##....#.#
###.......####
.##.........##.#####...##........
#..###.#.#.#.#..@...........#####
.##.#..#.....#######o###.##...# #
#..#....#.#.## #..##..####.###
.....##..#### ##.##..## ####.
..#.#...#.# #####.O...## #####.
#..##.###.## #.>.......### #.....
..>........# #..#.####...###.####
###..##[#..####.ยง.# ###..)..####
#..)#).##.#..##.### ######....#


You could see an orc priest.

Vanquished Creatures
  Pikel (D:7)
  A centaur skeleton (D:10)
  Prince Ribbit (D:8)
  A two-headed ogre (D:7)
  Sigmund (D:3)
  A yak (D:10)
  Eustachio (D:4)
  2 hungry ghosts (D:7)
  A warg (D:9)
  3 ice beasts
  A sky beast (D:7)
  A necrophage (D:7)
  4 orc warriors
  4 ogres
  A centaur (D:8)
  A crocodile (D:10)
  8 bullfrogs
  A scorpion (D:7)
  3 wights (D:8)
  A centaur zombie (D:6)
  3 crimson imps
  A bullfrog zombie (D:7)
  7 hounds
  4 orc priests
  13 orc wizards
  A bullfrog skeleton (D:9)
  3 jellies
  2 iguanas
  5 worker ants
  A hound zombie (D:6)
  Robin (D:4)
  A worker ant zombie (D:7)
  6 gnolls
  12 adders
  A shadow imp (D:9)
  3 oozes
  An adder zombie (D:9)
  4 adder skeletons
  A worm (D:2)
  2 dart slugs
  3 leopard geckos
  34 orcs
  A ball python (D:4)
  A giant cockroach (D:1)
  25 goblins
  11 hobgoblins
  17 jackals
  11 kobolds
  5 quokkas
  13 bats
  6 frilled lizards
  A quokka skeleton (D:7)
  A quokka zombie (D:5)
  14 rats
253 creatures vanquished.

Vanquished Creatures (others)
  A quokka skeleton (D:7)
1 creature vanquished.

Grand Total: 254 creatures vanquished

Notes
Turn   | Place    | Note
-------+----------+-------------------------------------------
     0 | D:1      | Nydiazath the Spriggan Enchanter began the quest for the Orb.
     0 | D:1      | Reached XP level 1. HP: 9/9 MP: 5/5
   549 | D:1      | Reached skill level 5 in Stealth
   563 | D:1      | Reached XP level 2. HP: 9/13 MP: 6/6
   601 | D:1      | Learned a level 2 spell: Ensorcelled Hibernation
  1425 | D:2      | Noticed a fire elemental
  1426 | D:2      | Found a stormy altar of Qazlal.
  1428 | D:2      | Noticed an earth elemental
  1428 | D:2      | Noticed a water elemental
  1428 | D:2      | Noticed an air elemental
  1591 | D:2      | Reached XP level 3. HP: 9/16 MP: 0/8
  1704 | D:2      | Reached skill level 6 in Stealth
  2535 | D:2      | Reached XP level 4. HP: 21/21 MP: 6/9
  2714 | D:2      | Noticed a dagger
  2715 | D:2      | Noticed a dagger
  2848 | D:2      | Found a hide-covered altar of Uskayaw.
  3673 | D:3      | Reached skill level 7 in Stealth
  3673 | D:3      | Reached XP level 5. HP: 19/24 MP: 1/10
  3832 | D:3      | Noticed Sigmund
  3840 | D:3      | Killed Sigmund
  3840 | D:3      | Reached skill level 8 in Stealth
  3840 | D:3      | Reached XP level 6. HP: 24/28 MP: 4/11
  4077 | D:3      | Found a stormy altar of Qazlal.
  4311 | D:4      | Found a staircase to the Ecumenical Temple.
  4313 | D:4      | Noticed Eustachio
  4345 | Temple   | Entered the Ecumenical Temple
  4462 | D:4      | Killed Eustachio
  4462 | D:4      | Reached skill level 5 in Short Blades
  4462 | D:4      | Reached skill level 9 in Stealth
  4550 | D:4      | Found a glowing silver altar of Zin.
  4550 | D:4      | Found a shimmering altar of Xom.
  4550 | D:4      | Noticed an angel
  4624 | D:4      | Found a blossoming altar of Fedhas.
  4631 | D:4      | Reached XP level 7. HP: 32/32 MP: 12/12
  4903 | D:4      | Noticed Robin
  4996 | D:4      | Killed Robin
  5364 | D:5      | Entered Level 5 of the Dungeon
  5658 | D:5      | Reached skill level 10 in Stealth
  5969 | D:5      | Reached skill level 5 in Dodging
  6047 | D:5      | Reached XP level 8. HP: 29/36 MP: 1/13
  6960 | D:6      | Found Alui's Food Shop.
  7259 | D:6      | Bought a bread ration for 70 gold pieces
  7259 | D:6      | Bought 4 fruits for 84 gold pieces
  7259 | D:6      | Bought a bread ration for 70 gold pieces
  7297 | D:6      | Reached skill level 11 in Stealth
  7486 | D:6      | Found an iron altar of Okawaru.
  7487 | D:6      | Found a basalt altar of Yredelemnul.
  7488 | D:6      | Found a burning altar of Makhleb.
  7632 | D:6      | Learned a level 3 spell: Confuse
  7752 | D:6      | Noticed Mefis's ghost (novice DEWz)
  7761 | D:6      | Became a worshipper of Warmaster Okawaru
  8159 | D:6      | Found a sacrificial altar of Ru.
  8976 | D:7      | Noticed a two-headed ogre
  8984 | D:7      | Killed a two-headed ogre
  8984 | D:7      | Reached skill level 12 in Stealth
  9050 | D:7      | Reached XP level 9. HP: 39/39 MP: 6/14
  9190 | D:7      | Noticed Pikel
  9210 | D:7      | Reached * piety under Okawaru
  9467 | D:7      | Found a deep blue altar of Sif Muna.
  9517 | D:7      | Killed Pikel
  9537 | D:7      | Reached skill level 5 in Hexes
  9737 | D:7      | Reached ** piety under Okawaru
  9741 | D:7      | Reached skill level 13 in Stealth
 10710 | D:8      | Noticed Prince Ribbit
 10717 | D:8      | Killed Prince Ribbit
 10717 | D:8      | Reached skill level 10 in Dodging
 10717 | D:8      | Reached XP level 10. HP: 44/44 MP: 15/15
 10780 | D:8      | Found a glowing golden altar of the Shining One.
 10884 | D:9      | Found a staircase to the Orcish Mines.
 10975 | D:9      | Reached *** piety under Okawaru
 11296 | D:9      | Reached skill level 1 in Fighting
 12445 | D:10     | Entered Level 10 of the Dungeon
 12445 | D:10     | Found Cihasets's Antique Weapon Shop.
 12487 | D:10     | Reached skill level 14 in Stealth
 12556 | D:10     | Reached **** piety under Okawaru
 12717 | D:9      | Killed from afar by an orc priest

Skill      XL: |  1  2  3  4  5  6  7  8  9 10 |
---------------+-------------------------------+-----
Stealth        | 5 6 7 8 9 10 12 13 14 | 14.1
Short Blades   | 2 3 4 5 6 8 9 |  9.8
Dodging        | 5 8 10 | 10.0
Hexes          | 6 |  6.9
Fighting       | 2 |  2.3
Spellcasting   | |  2.6

Action                   |  1- 3 |  4- 6 |  7- 9 | 10-12 || total
-------------------------+-------+-------+-------+-------++-------
Melee: Dagger            |   165 |   156 |   503 |   380 ||  1204
 Cast: Ensorcelled Hiber |    15 |    33 |   108 |    49 ||   205
       Corona            |       |     1 |       |       ||     1
       Confuse           |       |       |    12 |     3 ||    15
Evoke: Wand              |       |       |     1 |       ||     1
  Use: Potion            |       |     1 |       |       ||     1
       Scroll            |       |       |     8 |     1 ||     9
 Stab: Sleeping          |    21 |    18 |    65 |    29 ||   133
       Distracted        |     1 |       |     1 |     1 ||     3
       Confused          |       |       |    11 |     4 ||    15
  Eat: Bread ration      |       |     1 |     1 |       ||     2
       Pizza             |       |       |     2 |     5 ||     7
       Fruit             |       |       |     4 |     3 ||     7
Armor: Robe              |    17 |    18 |    34 |    15 ||    84
Dodge: Dodged            |   141 |   124 |   306 |   265 ||   836
